 Dungeon Crawl Stone Soup version 0.22-a0-40-g3d2f077 (webtiles) character file.

1959 Lanoc the Basher (level 9, -2/70 HPs)
             Began as a Troll Chaos Knight on Jan 4, 2018.
             Slain by an ogre
             ... wielding a +1 giant spiked club of chaos
              (18 damage)
             ... on level 8 of the Dungeon.
             The game lasted 00:18:02 (5874 turns).

Lanoc the Basher (Troll Chaos Knight)               Turns: 5874, Time: 00:18:04

Health: -2/70      AC: 10    Str: 22    XL:     9   Next: 0%
Magic:  0/8        EV: 12    Int: 12    God:    Xom [......]
Gold:   586        SH:  0    Dex: 12    Spells: 8/8 levels left

rFire    . . .     SeeInvis .   a - +0 mace (chaos)
rCold    + . .     Gourm    +   (no shield)
rNeg     . . .     Faith    .   b - +2 robe
rPois    .         Spirit   +   (helmet restricted)
rElec    .         Reflect  .   I - +0 cloak
rCorr    +         Harm     .   (gloves unavailable)
MR       .....                  (boots unavailable)
Stlth    ++........             o - amulet of guardian spirit
HPRegen  0.61/turn              g - ring of resist corrosion
MPRegen  0.11/turn              l - ring of stealth

@: very slightly contaminated
A: large, unfitting armour, claws 3, horns 1, yellow scales 1, clever 2, cold
resistance 1, fast metabolism 3, frail 2, gourmand, regeneration 1, shaggy fur
1, tough skin 2
a: Renounce Religion


You were on level 8 of the Dungeon.
You worshipped Xom.
You were a very special plaything of Xom.
You were not hungry.

You visited 2 branches of the dungeon, and saw 9 of its levels.
You also visited: Sewer and Ossuary.

You collected 586 gold pieces.

Inventory:

Hand Weapons
 a - a +0 mace of chaos (weapon)
 h - a +0 whip of venom
 i - a +1 mace of holy wrath
 t - a +3 mace of holy wrath
 H - a +2 quarterstaff of chaos
Armour
 b - a +2 robe (worn)
 I - a +0 cloak (worn)
Jewellery
 g - a ring of resist corrosion (left claw)
 l - a ring of stealth (right claw)
 o - an amulet of guardian spirit (around neck)
 v - an uncursed ring of ice
 C - a cursed amulet of inaccuracy {unknown}
Wands
 w - a wand of scattershot (3)
 x - a wand of enslavement (5)
 y - a wand of iceblast (8)
Scrolls
 e - 9 scrolls of remove curse
 f - a scroll of immolation
 j - 2 scrolls of fog
 m - 2 scrolls of fear
 s - 3 scrolls of vulnerability {unknown}
 E - a scroll of teleportation {unknown}
 F - a scroll of enchant weapon {unknown}
 J - a scroll of amnesia {unknown}
 L - 5 scrolls of magic mapping
Potions
 d - 3 potions of lignification
 k - 3 potions of flight
 n - 2 potions of brilliance
 p - 9 potions of curing
 q - 3 potions of might
 u - a potion of cancellation
 A - 2 potions of haste {unknown}
 B - 2 potions of agility {unknown}
 D - 3 potions of heal wounds
 G - 3 potions of degeneration {unknown}
Books
 z - a book of Necromancy

   Spells                             Type                      Level
   a - Pain                           Necromancy                   1
   b - Animate Skeleton               Necromancy                   1
   c - Vampiric Draining              Necromancy                   3
   d - Regeneration                   Charms/Necromancy            3
   e - Animate Dead                   Necromancy                   4
   f - Borgnjor's Vile Clutch         Necromancy/Earth             5
 K - a book of Cantrips

   Spells                             Type                      Level
   a - Confusing Touch                Hexes                        1
   b - Animate Skeleton               Necromancy                   1
   c - Summon Small Mammal            Summoning                    1
   d - Apportation                    Translocation                1
Comestibles
 c - 9 rations


   Skills:
 + Level 5.4 Fighting
 * Level 8.1 Maces & Flails
 + Level 5.2 Dodging


You had 8 spell levels left.
You didn't know any spells.

Dungeon Overview and Level Annotations

Branches:
Dungeon (8/15)             Temple (1/1) D:4
   Lair: D:8-11

Altars:
Ashenzari
Cheibriados
Dithmenos
Elyvilon
Fedhas
Gozag
Hepliaklqana
Kikubaaqudgha
Makhleb
Nemelex Xobeh
Okawaru
Qazlal
Ru
Sif Muna
Trog
Uskayaw
Vehumet
Wu Jian
Xom
Yredelemnul
Zin
The Shining One

Annotations:
D:8 Joseph


Innate Abilities, Weirdness & Mutations

You are too large for most types of armour.
You have claws for hands.
Your metabolism is lightning-fast.
You like to eat raw meat.
Your natural rate of healing is unusually fast.
You are covered in fur. (AC +1)
You have very tough skin. (AC +2)
You have a pair of small horns on your head.
You are partially covered in yellow scales. (AC +2)
Your mind is very acute. (Int +4)
Your flesh is cold resistant. (rC+)
You are very frail. (-20% HP)


Message History

The crocodile is moderately wounded.
The crocodile closely misses you.
You barely miss the crocodile. Your headbutt misses the crocodile.
The crocodile is moderately wounded.
The crocodile barely misses you.
You hit the crocodile.
Space warps horribly around the crocodile!
You kill the crocodile!
You have reached level 9!
Your experience leads to an increase in your attributes!
Your base attributes are Str 21, Int 8, Dex 11.
Increase (S)trength, (I)ntelligence, or (D)exterity?
You feel agile.
You feel stronger.
You hit the ogre. Your headbutt misses the ogre.
The ogre is moderately wounded.
The ogre hits you with a giant spiked club of chaos!!
* * * LOW HITPOINT WARNING * * *
You are electrocuted!
You die...
Xom thinks this is hilarious!

### #### #.#
##O.###.#
#.##.Z#.# #####
y####...# ##tO@#
..# #...# ##.####
...###..####†##
..(##.....tt##
....#......O#
....#.......#
.....[.......#
...............
..#....$.###.....


You could see a crocodile and an ogre.

Vanquished Creatures
  An ice beast (D:5)
  A sky beast (D:6)
  An ogre (D:5)
  A phantom (D:4)
  A centaur (D:5)
  2 crocodiles (D:8)
  An elf zombie (Ossuary)
  A bullfrog (D:7)
  A big kobold (Sewer)
  A scorpion (D:6)
  3 killer bees (D:8)
  5 crimson imps
  A quasit (D:8)
  4 hounds
  A jelly (D:5)
  4 orc priests
  An orc wizard (D:5)
  Crazy Yiuf (D:6)
  3 iguanas
  2 worker ants
  Ijyb (D:5)
  A killer bee zombie (D:8)
  2 big kobold zombies (Ossuary)
  A hound zombie (D:6)
  3 mummies (Ossuary)
  A worker ant zombie (D:5)
  6 adders
  2 river rats
  3 oozes
  An adder zombie (Ossuary)
  4 worms
  3 dart slugs
  2 leopard geckos
  13 orcs
  2 ball pythons (Sewer)
  4 giant cockroaches
  8 goblins
  4 hobgoblins
  6 jackals
  A quokka (D:6)
  5 bats
  5 frilled lizards
  A jackal zombie (Ossuary)
  17 kobolds
  2 kobold zombies (Ossuary)
  9 rats
143 creatures vanquished.

Vanquished Creatures (others)
  A mummy (Ossuary)
  A goblin zombie (Ossuary)
  2 jackal zombies (Ossuary)
  A kobold zombie (Ossuary)
  An orc zombie (Ossuary)
6 creatures vanquished.

Grand Total: 149 creatures vanquished

Notes
Turn   | Place    | Note
-------+----------+-------------------------------------------
     0 | D:1      | Lanoc the Troll Chaos Knight began the quest for the Orb.
     0 | D:1      | Reached XP level 1. HP: 22/22 MP: 0/0
    49 | D:1      | XOM: harmless Necr miscast
    58 | D:1      | XOM: divination: detect creatures
   352 | D:1      | Reached skill level 3 in Maces & Flails
   352 | D:1      | Reached XP level 2. HP: 29/29 MP: 1/1
   573 | D:1      | XOM: mild Fire miscast
   712 | D:2      | XOM: divination: magic mapping
   717 | D:2      | Found a bloodstained altar of Trog.
   757 | D:2      | XOM: god gift: club {god gift}
   933 | D:2      | Reached XP level 3. HP: 25/36 MP: 2/2
  1277 | D:3      | XOM: butterfly on damage
  1278 | D:3      | HP: 1/36 [orc priest/divine providence (15)]
  1284 | D:3      | HP: 1/36 [orc/dagger (2)]
  1292 | D:2      | Reached XP level 4. HP: 28/45 MP: 3/3
  1333 | D:3      | Reached skill level 4 in Maces & Flails
  1336 | D:3      | Reached XP level 5. HP: 48/53 MP: 4/4
  1354 | D:3      | Noticed Terence
  1360 | D:3      | Noticed Terence
  1360 | D:3      | Terence changed into Terence the river rat
  1363 | D:3      | Killed Terence the river rat
  1429 | D:3      | Found an opulent altar of Gozag.
  1649 | D:3      | Found a shattered altar of Ashenzari.
  1831 | D:2      | XOM: silly message
  2036 | D:3      | Found an ancient bone altar of Kikubaaqudgha.
  2302 | D:4      | Reached XP level 6. HP: 61/61 MP: 5/5
  2451 | D:4      | XOM: mild Fire miscast
  2474 | D:4      | XOM: mild Ice miscast
  2515 | D:4      | XOM: give mutations
  2515 | D:4      | Gained mutation: Your mind is acute. (Int +2) [Xom's grace]
  2515 | D:4      | Gained mutation: You are agile. (Dex +2) [Xom's grace]
  2515 | D:4      | Gained mutation: Your flesh is cold resistant. (rC+) [Xom's grace]
  2515 | D:4      | Gained mutation: You are partially covered in yellow scales. (AC +2) [Xom's grace]
  2582 | D:4      | Found a staircase to the Ecumenical Temple.
  2696 | Temple   | Entered the Ecumenical Temple
  2773 | Temple   | XOM: silly message
  3056 | D:4      | XOM: give mutations
  3056 | D:4      | Gained mutation: You occasionally shout uncontrollably at your foes. [Xom's mischief]
  3056 | D:4      | Gained mutation: You are frail. (-10% HP) [Xom's mischief]
  3056 | D:4      | Gained mutation: You are very frail. (-20% HP) [Xom's mischief]
  3112 | D:5      | Entered Level 5 of the Dungeon
  3207 | D:4      | Reached skill level 5 in Maces & Flails
  3233 | D:5      | XOM: enchant monster (bad)
  3254 | D:4      | XOM: smoke on damage
  3356 | D:5      | Reached XP level 7. HP: 38/56 MP: 6/6
  3442 | D:5      | Noticed Ijyb
  3442 | D:5      | XOM: fake destruction
  3458 | D:5      | Killed Ijyb
  3512 | D:5      | XOM: harmless Conj miscast
  3582 | D:5      | Reached skill level 6 in Maces & Flails
  3592 | D:5      | XOM: give mutations
  3592 | D:5      | Lost mutation: You occasionally shout uncontrollably at your foes. [Xom's mischief]
  3592 | D:5      | Lost mutation: You are agile. (Dex +2) [Xom's mischief]
  3592 | D:5      | Lost mutation: Your mind is acute. (Int +2) [Xom's mischief]
  3592 | D:5      | Gained mutation: You are weak. (Str -2) [Xom's mischief]
  3745 | D:5      | XOM: silly message
  3820 | D:5      | XOM: harmless Summ miscast
  3938 | D:6      | XOM: swap monsters
  4011 | D:6      | Found a glowing drain.
  4015 | D:6      | Reached XP level 8. HP: 63/63 MP: 7/7
  4044 | D:6      | XOM: fog
  4064 | D:6      | XOM: cloud trail
  4079 | Sewer    | Entered a sewer
  4083 | Sewer    | XOM: scenery: 1 doors open
  4418 | D:6      | XOM: give mutations
  4418 | D:6      | Gained mutation: You have a pair of small horns on your head. [Xom's grace]
  4418 | D:6      | Gained mutation: Your mind is acute. (Int +2) [Xom's grace]
  4418 | D:6      | Lost mutation: You are weak. (Str -2) [Xom's grace]
  4418 | D:6      | Gained mutation: Your mind is very acute. (Int +4) [Xom's grace]
  4446 | D:6      | Found a glowing golden altar of the Shining One.
  4462 | D:6      | XOM: cleaving
  4545 | D:6      | XOM: cleaving
  4547 | D:6      | Reached skill level 7 in Maces & Flails
  4571 | D:6      | XOM: scenery: create altars
  4586 | D:6      | XOM: 1-stop teleportation journey
  4703 | D:6      | XOM: enchant monster (good)
  4807 | D:6      | Found a runed door.
  4877 | D:6      | Found a snail-covered altar of Cheibriados.
  5001 | D:6      | Noticed Crazy Yiuf
  5006 | D:6      | Killed Crazy Yiuf
  5006 | D:6      | Reached skill level 5 in Fighting
  5092 | D:7      | Found a sand-covered staircase.
  5106 | Ossuary  | Entered an ossuary
  5126 | Ossuary  | XOM: destruction
  5127 | Ossuary  | XOM: confuse monster(s)
  5166 | Ossuary  | XOM: fog
  5171 | Ossuary  | XOM: fog
  5198 | Ossuary  | XOM: fog
  5441 | D:7      | Noticed Menkaure
  5818 | D:8      | XOM: summons friendly ufetubus
  5820 | D:8      | Reached skill level 5 in Dodging
  5820 | D:8      | XOM: scenery: create altars
  5822 | D:8      | XOM: swap monsters
  5823 | D:8      | Noticed Joseph
  5824 | D:8      | XOM: chaos upgrade
  5827 | D:8      | XOM: noise
  5841 | D:8      | XOM: enchant monster (bad)
  5863 | D:8      | Reached skill level 8 in Maces & Flails
  5873 | D:8      | Reached XP level 9. HP: 33/70 MP: 3/8
  5874 | D:8      | Slain by an ogre

Vault maps used:
D:1:      matt_arrival_grand_opening
D:2:      lemuel_crystal_altar, minmay_misc_feat_hallway, st_stairs_13
D:3:      nicolae_ashenzari_panopticon, old_standard_altar,
          lemuel_coloured_pillars_altar, uniq_terence
D:4:      temple_hall, st_stairs_9
D:5:      first_ration, uniq_ijyb
D:6:      cheibriados_altar_1, tso_metal_star, portal_sewer_entry_c,
          uniq_crazy_yiuf_cottage
D:7:      nicolae_ossuary_entry_plus, uniq_menkaure
D:8:      nicolae_overflow_crystal_walls, minmay_lair_entry_grove, uniq_joseph,
          uniq_maurice
Temple:   regret_index_temple_waves
Sewer:    kennysheep_pipe_town
Ossuary:  ossuary_minmay_tomb_2a

Skill      XL: |  1  2  3  4  5  6  7  8 |
---------------+-------------------------+-----
Dodging        | 2 3 4 5 |  5.2
Maces & Flails | 3 4 5 6 8 |  8.1
Fighting       | 3 4 5 |  5.4

Action                   |  1- 3 |  4- 6 |  7- 9 || total
-------------------------+-------+-------+-------++-------
Melee: Mace              |    80 |   164 |   354 ||   598
       Headbutt          |       |       |    45 ||    45
  Use: Potion            |     1 |     1 |     1 ||     3
       Scroll            |       |     7 |     8 ||    15
 Stab: Sleeping          |     1 |       |     6 ||     7
       Confused          |       |     1 |       ||     1
       Paralysed         |       |       |     9 ||     9
       Petrified         |       |       |     9 ||     9
  Eat: Chunk             |    17 |    10 |    22 ||    49
       Ration            |       |     1 |       ||     1
Armor: Robe              |    40 |    75 |   137 ||   252
Dodge: Dodged            |    57 |    94 |   194 ||   345

Table legend:
 A = Spawn XP
 B = Non-spawn XP
 C = Spawn XP percentage of total XP
 D = Spawn monster count
 E = Non-spawn monster count
 F = Spawn count percentage of total count
 G = Total turns spent on level
                    A         B        C        D         E        F      G
               +---------+---------+-------+---------+---------+-------+---------
         Total |       0 |    2799 |   0.0 |       0 |     144 |   0.0 |  5874
               +---------+---------+-------+---------+---------+-------+---------
           D:1 |       0 |      21 |   0.0 |       0 |      10 |   0.0 |   643
           D:2 |       0 |      92 |   0.0 |       0 |      20 |   0.0 |   708
           D:3 |       0 |     236 |   0.0 |       0 |      22 |   0.0 |   708
           D:4 |       0 |     324 |   0.0 |       0 |      13 |   0.0 |  1135
           D:5 |       0 |     705 |   0.0 |       0 |      14 |   0.0 |   616
           D:6 |       0 |     515 |   0.0 |       0 |      21 |   0.0 |   823
           D:7 |       0 |     128 |   0.0 |       0 |       2 |   0.0 |   515
           D:8 |       0 |     471 |   0.0 |       0 |       7 |   0.0 |    74
         Sewer |       0 |     131 |   0.0 |       0 |      24 |   0.0 |   297
       Ossuary |       0 |     176 |   0.0 |       0 |      11 |   0.0 |   228
               +---------+---------+-------+---------+---------+-------+---------
